 Dungeon Crawl Stone Soup version 0.31.0-1-g2c135a008e (webtiles) character file.

Game seed: 5718894718381088038

429 qw the Shooter (level 7, -1/51 HPs)
             Began as a Djinni Hunter on Jan 24, 2024.
             Incinerated by a bombardier beetle (2 damage)
             ... with a burning spray
             ... on level 4 of the Dungeon.
             The game lasted 00:00:10 (2823 turns).

qw the Shooter (Djinni Hunter)                      Turns: 2823, Time: 00:00:10

Health: -1/51      AC:  7    Str: 10    XL:     7   Next: 19%
Gold:   189        EV: 11    Int: 10    God:
                   SH:  0    Dex: 19

rFire   + + .        a - +0 shortbow
rCold   x . .        (shield currently unavailable)
rNeg    . . .        b - +0 ring mail
rPois   inf          d - +0 helmet
rElec   .            (no cloak)
rCorr   .            i - +0 pair of gloves
SInv    .            (boots unavailable)
Will    .....        (no amulet)
Stlth   +            (no ring)
HPRegen 0.28/turn    (no ring)
MPRegen 0.00/turn

%: infuse magic (-2 HP)
@: on fire, flying, glowing
A: sickness immunity, fire resistance 2, cold vulnerability 1, float, innate
caster, HP casting, extra vitality 1
a: no special abilities


You were on level 4 of the Dungeon.
You visited 1 branch of the dungeon, and saw 4 of its levels.

You collected 189 gold pieces.


Innate Abilities, Weirdness & Mutations

You are immune to sickness and miasma.
You are immune to poison.
Your flesh is very heat resistant. (rF++)
You are vulnerable to cold. (rC-)
You float through the air rather than walking.
You learn spells naturally, not from books.
Your magical power is your life essence.
You have superior vitality. (+4 MHP)


   Skills:
 + Level 3.8 Fighting
 - Level 5.6 Ranged Weapons
 - Level 1.2 Armour
 - Level 3.0 Dodging
 - Level 0.7 Stealth


You knew the following spells:

 Your Spells              Type           Power      Damage    Failure   Level
a - Magic Dart            Conj           0%         1d3       67%         1
b - Jinxbite              Hex            0%         N/A       82%         2
c - Passwall              Erth           0%         N/A       96%         3
Your spell library was empty.

Inventory:

Hand Weapons
 a - a +0 shortbow (weapon)
Armour
 b - a +0 ring mail (worn)
 d - a +0 helmet (worn)
 i - a +0 pair of gloves (worn)
Scrolls
 j - 2 scrolls of identify
Potions
 c - a potion of enlightenment
 f - a potion of mutation {unknown}
 g - a potion of cancellation {unknown}
 h - 2 potions of haste {unknown}

Dungeon Overview and Level Annotations

Branches:
Dungeon (4/15)
 Temple: D:4-7

Altars:
Qazlal
Ru


Message History

The bombardier beetle is heavily wounded.
The liquid fire burns you!
The gnoll hits you from afar with a +0 halberd.
The gnoll closely misses you. x2; The gnoll hits you with a +0 whip.
2817 ||| DRINKING potion of heal wounds.
You feel much better. The liquid fire burns you!
The bombardier beetle barely misses you.
The gnoll hits you but does no damage.
The gnoll hits you from afar with a +0 halberd.
You shoot an arrow. The arrow hits the bombardier beetle!
The bombardier beetle is almost dead.
The liquid fire burns you! The gnoll hits you but does no damage.
The gnoll closely misses you.
The bombardier beetle bites you but does no damage.
You shoot an arrow.
The arrow barely misses the bombardier beetle.
The liquid fire burns you! The gnoll misses you. The gnoll closely misses you.
The bombardier beetle bites you but does no damage.
You shoot an arrow.
The arrow barely misses the bombardier beetle.
The liquid fire burns you!
The gnoll hits you from afar with a +0 halberd!
The gnoll closely misses you.
You shoot an arrow.
The arrow hits the bombardier beetle but does no damage.
The bombardier beetle is almost dead.
The liquid fire burns you! The gnoll hits you but does no damage.
The gnoll hits you with a +0 whip.
The bombardier beetle bites you but does no damage.
The gnoll closely misses you. The gnoll barely misses you.
You shoot an arrow. The arrow hits the bombardier beetle.
You kill the bombardier beetle!
The liquid fire burns you! The gnoll barely misses you.
The gnoll hits you with a +0 whip.
You shoot an arrow. The arrow hits the gnoll.
The gnoll is lightly wounded.
The liquid fire burns you!
You die...

.....##..#..#..## ...
.....#..........# ...
...............###.##
......##..#.......#
......#..........#
#..............#.
####...............
#)..............##.
#....#@#.......>.....#
.....g%g#..#.........##
...##..##.###........#
#.....##..........#
##....#..##........#
......#.###.........
.##......#.......#.
......##..........#
.##... #...........


You could see 2 gnolls.

Vanquished Creatures
  Sigmund (D:3)
  A bombardier beetle (D:4)
  Terence (D:3)
  Natasha (thrice) (D:2)
  5 gnolls
  2 adders
  A dart slug (D:1)
  A ribbon worm (D:2)
  An orc (D:4)
  9 ball pythons
  5 bats
  5 endoplasms
  A giant cockroach (D:3)
  2 goblins
  3 hobgoblins
  10 jackals
  7 kobolds
  3 quokkas
  11 rats
72 creatures vanquished.

Notes
Turn   | Place    | Note
-------+----------+-------------------------------------------
     0 | D:1      | qw the Djinni Hunter began the quest for the Orb.
     0 | D:1      | Reached XP level 1. HP: 18/18 MP: 0/0
     0 | D:1      | 0 ||| qw: Version: 0.3-a-136-gdd3b4e8
     0 | D:1      | 0 ||| qw: Game counter: 1451
     0 | D:1      | 0 ||| qw: Melee chars always use a shield: true
     0 | D:1      | 0 ||| qw: God list: Okawaru
     0 | D:1      | 0 ||| qw: Allow faded altars: false
     0 | D:1      | 0 ||| qw: Do Orc after clearing Dungeon:15 true
     0 | D:1      | 0 ||| qw: Do second Lair branch before Depths: true
     0 | D:1      | 0 ||| qw: Lair rune preference: random
     0 | D:1      | 0 ||| qw: Goals: Normal
     0 | D:1      | 0 ||| PLANNING D:1-11
    64 | D:1      | Reached XP level 2. HP: 23/23 MP: 0/0
   415 | D:1      | Reached XP level 3. HP: 19/28 MP: 0/0
   415 | D:1      | Learned a level 1 spell: Magic Dart
   417 | D:1      | Reached skill level 4 in Ranged Weapons
   921 | D:1      | 921 ||| UPGRADING to +0 helmet.
   926 | D:1      | 926 ||| DROPPING scroll of butterflies.
   995 | D:2      | Noticed Natasha
  1001 | D:2      | Killed Natasha
  1002 | D:2      | Reached skill level 3 in Fighting
  1002 | D:2      | Reached XP level 4. HP: 34/35 MP: 0/0
  1069 | D:2      | Noticed Natasha
  1077 | D:2      | Killed Natasha
  1078 | D:2      | Reached skill level 3 in Dodging
  1179 | D:2      | Reached XP level 5. HP: 38/40 MP: 0/0
  1179 | D:2      | Learned a level 2 spell: Jinxbite
  1247 | D:2      | Noticed Natasha
  1252 | D:2      | Killed Natasha
  1499 | D:2      | Found a faded altar of an unknown god.
  1757 | D:2      | 1757 ||| UPGRADING to +0 ring mail.
  1767 | D:2      | 1767 ||| DROPPING +0 leather armour.
  1768 | D:2      | 1768 ||| DRINKING 2 cyan potions.
  1860 | D:3      | Found a stormy altar of Qazlal.
  1872 | D:3      | Noticed Terence
  1882 | D:3      | Killed Terence
  1883 | D:3      | Reached skill level 1 in Armour
  1883 | D:3      | Reached XP level 6. HP: 43/46 MP: 0/0
  2063 | D:3      | Found a sacrificial altar of Ru.
  2214 | D:3      | Noticed Sigmund
  2231 | D:3      | Killed Sigmund
  2232 | D:3      | Reached skill level 5 in Ranged Weapons
  2232 | D:3      | Reached XP level 7. HP: 21/50 MP: 0/0
  2232 | D:3      | Learned a level 3 spell: Passwall
  2538 | D:3      | 2538 ||| UPGRADING to +0 pair of gloves.
  2543 | D:3      | 2543 ||| READING scroll labelled BOHESOR ESINELL.
  2543 | D:3      | 2543 ||| IDENTIFYING green potion
  2544 | D:3      | 2544 ||| READING scroll labelled UNAL ZEOCZE.
  2816 | D:4      | HP: 8/50 [gnoll/+0 whip (5)]
  2817 | D:4      | 2817 ||| DRINKING potion of heal wounds.
  2821 | D:4      | HP: 7/50 [burnt (1)]
  2822 | D:4      | HP: 3/50 [burnt (2)]
  2822 | D:4      | HP: 1/50 [gnoll/+0 whip (3)]
  2823 | D:4      | Incinerated by a bombardier beetle

Levels and vault maps discovered:
D:1:      shiori_arrival_whats_in_store_for_you, layout_basic
D:2:      layout_basic, dreamdust_ecumenical_altar_angels_and_demons,
          uniq_natasha
D:3:      layout_loops_ring, nicolae_qazlal_general_emergency,
          nicolae_ru_sacrificial_ziggurat, chequers_decorated_corner,
          moated_statue, uniq_terence, uniq_sigmund
D:4:      layout_cave_pools, minmay_temple_entry_overgrown

Skill      XL: |  1  2  3  4  5  6 |
---------------+-------------------+-----
Ranged Weapons | 4 5 |  5.6
Fighting       | 3 |  3.8
Dodging        | 3 |  3.0
Armour         | 1 |  1.2
Stealth        | |  0.7

Action                     |  1- 3 |  4- 6 |  7- 9 || total
---------------------------+-------+-------+-------++-------
   Fire: Shortbow          |    93 |   113 |    47 ||   253
    Use: Potion            |       |     1 |     1 ||     2
         Scroll            |       |       |     2 ||     2
 Armour: Leather armour    |    29 |    23 |       ||    52
         Ring mail         |       |    14 |    25 ||    39
  Dodge: Dodged            |    30 |    37 |    24 ||    91

Table legend:
 A = Non-vault XP
 B = Vault XP
 C = Vault XP percentage of total XP
 D = Non-vault monster count
 E = Vault monster count
 F = Vault count percentage of total count
                 A         B        C        D         E       F
            +---------+---------+-------+---------+---------+-------
      Total |     317 |     297 |  48.4 |      69 |       3 |   4.2
            +---------+---------+-------+---------+---------+-------
        D:1 |      47 |       0 |   0.0 |      28 |       0 |   0.0
        D:2 |     168 |      35 |  17.2 |      23 |       1 |   4.2
        D:3 |      29 |     262 |  90.0 |      10 |       2 |  16.7
        D:4 |      73 |       0 |   0.0 |       8 |       0 |   0.0
            +---------+---------+-------+---------+---------+-------
